PL
LAS VEGAS FLAMINGOS @ CHICAGO SILVER SOX
07/16/2037
 
TOP OF THE 1ST
Las Vegas Flamingos batting - Pitching for Chicago Silver Sox : RHP Forest Stanley
Pitching: RHP Forest Stanley
Batting: RHB Joseph Papasogli 0-0: Ground out 6-3 (Groundball, 6M, EV 100.6 MPH)
Batting: RHB Sake van Arem 0-0: Called Strike
0-1: SINGLE (Groundball, 56D, EV 106.9 MPH)
Batting: RHB Baldomero Avino 0-0: 2-RUN HOME RUN (Flyball, 7D, EV 88.8 MPH), Distance : 367 ft
Batting: RHB Xavier Hernández 0-0: Called Strike
0-1: Ball
1-1: Ball
2-1: Ball
3-1: Ground out 6-3 (Groundball, 6, EV 88.8 MPH)
Batting: RHB Freedon Akinmoladun 0-0: Ball
1-0: Ball
2-0: Foul Ball, location: 2F
2-1: Ball
3-1: Fly out, F9 (Line Drive, 9D, EV 93.8 MPH)
Top of the 1st over - 2 runs, 2 hits, 0 errors, 0 left on base; Las Vegas 2 - Chicago 0
BOTTOM OF THE 1ST
Chicago Silver Sox batting - Pitching for Las Vegas Flamingos : LHP Luis Peña
Pitching: LHP Luis Peña
Batting: LHB Jonathan Gunner 0-0: Ground out U3 (Groundball, 3, EV 85.0 MPH)
Batting: LHB Ashley Thachi 0-0: Foul Ball, location: 2F
0-1: Ball
1-1: Ball
2-1: Foul Ball, location: 2F
2-2: Foul Ball, location: 2F
2-2: Ball
3-2: SINGLE (Groundball, 4MD, EV 110.6 MPH)
Batting: RHB Manuel Ramos 0-0: SINGLE (Groundball, 4MD, EV 96.2 MPH)
Ashley Thachi to second
Runner from 2nd tries for 3rd, OUT! 8-5
Batting: RHB Melvin Thomas 0-0: Ball
1-0: Called Strike
1-1: Fielders Choice at 2nd, 6-4 (Groundball, 56, EV 80.0 MPH)
Bottom of the 1st over - 0 runs, 2 hits, 0 errors, 1 left on base; Las Vegas 2 - Chicago 0
TOP OF THE 2ND
Las Vegas Flamingos batting - Pitching for Chicago Silver Sox : RHP Forest Stanley
Batting: RHB James Pike 0-0: Ball
1-0: Ball
2-0: Ground out 6-3 (Groundball, 56, EV 83.8 MPH)
Batting: LHB Ty Tomblin 0-0: Called Strike
0-1: Foul Ball, location: 2F
0-2: Ball
1-2: Foul Ball, location: 2F
1-2: SINGLE (Groundball, 6MD, EV 96.2 MPH)
Batting: RHB Sun-jae Kwak 0-0: Ball
1-0: Swinging Strike
1-1: Ball
2-1: Fly out, F9 (Flyball, 89M, EV 89.4 MPH)
Batting: RHB Shihei Kichikawa 0-0: Ball
1-0: Called Strike
1-1: Ball
2-1: Ground out 1-3 (Groundball, 13, EV 71.9 MPH)
Top of the 2nd over - 0 runs, 1 hit, 0 errors, 1 left on base; Las Vegas 2 - Chicago 0
BOTTOM OF THE 2ND
Chicago Silver Sox batting - Pitching for Las Vegas Flamingos : LHP Luis Peña
Batting: LHB Chris Fitzgerald 0-0: Ball
1-0: Called Strike
1-1: Foul Ball, location: 2F
1-2: DOUBLE (Line Drive, 89D, EV 98.8 MPH)
Batting: RHB Fortunato Rasquinha 0-0: Ball
1-0: Ball
2-0: Called Strike
2-1: Ground out 6-3 (Groundball, 56, EV 78.8 MPH)
Batting: SHB Gerrie Bond 0-0: Ball
1-0: Ball
2-0: Fly out, F6 (Popup, 6, EV 61.2 MPH)
Batting: LHB Donald Brown 0-0: Ground out U3 (Groundball, 34, EV 110.0 MPH)
Bottom of the 2nd over - 0 runs, 1 hit, 0 errors, 1 left on base; Las Vegas 2 - Chicago 0
TOP OF THE 3RD
Las Vegas Flamingos batting - Pitching for Chicago Silver Sox : RHP Forest Stanley
Batting: RHB Joseph Papasogli 0-0: Called Strike
0-1: Ball
1-1: Ground out 4-3 (Groundball, 4S, EV 64.4 MPH)
Batting: RHB Sake van Arem 0-0: Ball
1-0: Ball
2-0: Swinging Strike
2-1: Reached on error, E5 (Groundball, 56, EV 87.5 MPH)
Batting: RHB Baldomero Avino 0-0: Ball
1-0: Ball
2-0: Ball
3-0: Base on Balls
Sake van Arem to second
Batting: RHB Xavier Hernández 0-0: Foul Ball, location: 2F
0-1: Foul Ball, location: 2F
0-2: Foul Ball, location: 2F
0-2: Ball
1-2: Fly out, F9 (Flyball, 9S, EV 81.9 MPH)
Batting: RHB Freedon Akinmoladun 0-0: Called Strike
0-1: Foul Ball, location: 2F
0-2: Ball
1-2: Ball
2-2: Strikes out looking
Top of the 3rd over - 0 runs, 0 hits, 1 error, 2 left on base; Las Vegas 2 - Chicago 0
BOTTOM OF THE 3RD
Chicago Silver Sox batting - Pitching for Las Vegas Flamingos : LHP Luis Peña
Batting: SHB Bren Spillane 0-0: Called Strike
0-1: Ball
1-1: Foul Ball, location: 2F
1-2: Ground out 6-3 (Groundball, 6D, EV 103.8 MPH)
Batting: LHB Jonathan Gunner 0-0: Foul Ball, location: 2F
0-1: Ball
1-1: Ball
2-1: Ball
3-1: Foul Ball, location: 2F
3-2: SINGLE (Groundball, 34S, EV 86.2 MPH) (infield hit)
Batting: LHB Ashley Thachi 0-0: Ball
1-0: Called Strike
1-1: Swinging Strike
1-2: Foul Ball, location: 2F
1-2: Ball
Jonathan Gunner steals 2nd base
2-2: Ground out 5-3 (Groundball, 5, EV 110.0 MPH)
Batting: RHB Manuel Ramos 0-0: Ground out 4-3 (Groundball, 4, EV 87.5 MPH)
Bottom of the 3rd over - 0 runs, 1 hit, 0 errors, 1 left on base; Las Vegas 2 - Chicago 0
TOP OF THE 4TH
Las Vegas Flamingos batting - Pitching for Chicago Silver Sox : RHP Forest Stanley
Batting: RHB James Pike 0-0: Ball
1-0: Ball
2-0: Foul Ball, location: 2F
2-1: Ball
3-1: Foul Ball, location: 2F
3-2: Strikes out looking
Batting: LHB Ty Tomblin 0-0: Foul Ball, location: 2F
0-1: Ball
1-1: Ball
2-1: Ball
3-1: Ground out 4-3 (Groundball, 4, EV 101.9 MPH)
Batting: RHB Sun-jae Kwak 0-0: Ball
1-0: Swinging Strike
1-1: Ball
2-1: Foul Ball, location: 2F
2-2: Strikes out looking
Top of the 4th over - 0 runs, 0 hits, 0 errors, 0 left on base; Las Vegas 2 - Chicago 0
BOTTOM OF THE 4TH
Chicago Silver Sox batting - Pitching for Las Vegas Flamingos : LHP Luis Peña
Batting: RHB Melvin Thomas 0-0: Foul Ball, location: 2F
0-1: Ball
1-1: Foul Ball, location: 2F
1-2: Foul Ball, location: 2F
1-2: Ball
2-2: Fly out, F7 (Flyball, 7, EV 89.4 MPH)
Batting: LHB Chris Fitzgerald 0-0: Ground out 3-1 (Groundball, 34, EV 84.4 MPH)
Batting: RHB Fortunato Rasquinha 0-0: Swinging Strike
0-1: Fly out, F8 (Flyball, 8RXD, EV 105.0 MPH)
Bottom of the 4th over - 0 runs, 0 hits, 0 errors, 0 left on base; Las Vegas 2 - Chicago 0
TOP OF THE 5TH
Las Vegas Flamingos batting - Pitching for Chicago Silver Sox : RHP Forest Stanley
Batting: RHB Shihei Kichikawa 0-0: Called Strike
0-1: Reached on error, E5 (Groundball, 56S, EV 67.5 MPH)
Batting: RHB Joseph Papasogli 0-0: Bunted foul
0-1: Ball
1-1: Bunted foul
1-2: Ball
2-2: SINGLE (Groundball, 6MD, EV 96.2 MPH)
Shihei Kichikawa to second
Runner from 2nd tries for 3rd, SAFE, no throw by CF
Batting: RHB Sake van Arem 0-0: Called Strike
0-1: Ball
1-1: Ball
2-1: SINGLE (Line Drive, 8RS, EV 113.1 MPH)
Shihei Kichikawa scores
Joseph Papasogli to second
Batting: RHB Baldomero Avino 0-0: Called Strike
0-1: Foul Ball, location: 2F
0-2: Ball
1-2: Hit by Pitch
Joseph Papasogli to third
Sake van Arem to second
Pitching: RHP Eugenio Piñeiro
Batting: RHB Xavier Hernández 0-0: Ball
1-0: Ball
2-0: Ball
3-0: Base on Balls
Joseph Papasogli scores
Sake van Arem to third
Baldomero Avino to second
Batting: RHB Freedon Akinmoladun 0-0: Swinging Strike
0-1: Foul Ball, location: 2F
0-2: Ball
1-2: Ball
2-2: Foul Ball, location: 2F
2-2: Strikes out swinging
Batting: RHB James Pike 0-0: Foul Ball, location: 2F
0-1: Ball
1-1: Swinging Strike
1-2: Ball
2-2: Ball
3-2: Base on Balls
Sake van Arem scores
Baldomero Avino to third
Xavier Hernández to second
Batting: LHB Ty Tomblin 0-0: SINGLE (Groundball, 25, EV 71.9 MPH) (infield hit)
Baldomero Avino scores
Xavier Hernández to third
James Pike to second
Batting: RHB Sun-jae Kwak 0-0: Ball
1-0: GRAND SLAM HOME RUN (Flyball, 7D, EV 96.9 MPH), Distance : 358 ft
Pitching: RHP Valentin Calhamar
Batting: RHB Shihei Kichikawa 0-0: Ball
1-0: Ground out 6-3 (Groundball, 6, EV 101.9 MPH)
Batting: RHB Joseph Papasogli 0-0: Foul Ball, location: 2F
0-1: SINGLE (Groundball, 6MD, EV 105.0 MPH)
Batting: RHB Sake van Arem 0-0: Foul Ball, location: 2F
0-1: Called Strike
0-2: Ball
1-2: Ball
2-2: Fielders Choice at 2nd, 5-4 (Groundball, 56, EV 88.8 MPH)
Top of the 5th over - 8 runs, 5 hits, 1 error, 1 left on base; Las Vegas 10 - Chicago 0
BOTTOM OF THE 5TH
Chicago Silver Sox batting - Pitching for Las Vegas Flamingos : LHP Luis Peña
Batting: SHB Gerrie Bond 0-0: Fly out, F8 (Flyball, 8RXD, EV 110.6 MPH)
Batting: LHB Donald Brown 0-0: Ball
1-0: Ball
2-0: Ball
3-0: Base on Balls
Batting: SHB Bren Spillane 0-0: Ball
1-0: Grounds into double play, 4-6-3 (Groundball, 4, EV 86.2 MPH)
Bottom of the 5th over - 0 runs, 0 hits, 0 errors, 0 left on base; Las Vegas 10 - Chicago 0
TOP OF THE 6TH
Las Vegas Flamingos batting - Pitching for Chicago Silver Sox : RHP Valentin Calhamar
Batting: RHB Baldomero Avino 0-0: Foul Ball, location: 2F
0-1: Ball
1-1: Called Strike
1-2: Strikes out swinging
Batting: RHB Xavier Hernández 0-0: Called Strike
0-1: Ball
1-1: Swinging Strike
1-2: Ball
2-2: Ball
3-2: Strikes out swinging
Batting: RHB Freedon Akinmoladun 0-0: Called Strike
0-1: Ball
1-1: Ball
2-1: Ball
3-1: Base on Balls
Batting: RHB James Pike 0-0: Called Strike
0-1: Called Strike
0-2: Ball
1-2: Fly out, F8 (Line Drive, 8RD, EV 93.8 MPH)
Top of the 6th over - 0 runs, 0 hits, 0 errors, 1 left on base; Las Vegas 10 - Chicago 0
BOTTOM OF THE 6TH
Chicago Silver Sox batting - Pitching for Las Vegas Flamingos : LHP Luis Peña
Batting: LHB Jonathan Gunner 0-0: Called Strike
0-1: SINGLE (Line Drive, 9LS, EV 105.0 MPH)
Batting: LHB Ashley Thachi 0-0: Foul Ball, location: 2F
0-1: Ball
1-1: Called Strike
1-2: Ball
2-2: Foul Ball, location: 2F
2-2: SINGLE (Groundball, 6, EV 103.1 MPH) (infield hit)
Jonathan Gunner to second
Batting: RHB Manuel Ramos 0-0: Ground out 4-3 (Groundball, 4S, EV 90.6 MPH)
Jonathan Gunner to third
Ashley Thachi to second
Batting: RHB Melvin Thomas 0-0: Called Strike
0-1: Ball
1-1: Called Strike
1-2: SINGLE (Groundball, 4MD, EV 94.4 MPH)
Jonathan Gunner scores
Ashley Thachi to third
Runner from 3rd tries for Home, SAFE, no throw by CF
Batting: LHB Chris Fitzgerald 0-0: Swinging Strike
0-1: Ball
1-1: DOUBLE (Line Drive, 7LM, EV 110.6 MPH)
Melvin Thomas to third
Runner from 3rd tries for Home, SAFE, no throw by LF
Batting: RHB Fortunato Rasquinha 0-0: Fly out, F9 (Flyball, 9S, EV 81.9 MPH)
Batting: SHB Gerrie Bond 0-0: Ball
1-0: Fly out, F9 (Flyball, 9, EV 85.0 MPH)
Bottom of the 6th over - 3 runs, 4 hits, 0 errors, 1 left on base; Las Vegas 10 - Chicago 3
TOP OF THE 7TH
Las Vegas Flamingos batting - Pitching for Chicago Silver Sox : RHP Valentin Calhamar
Batting: LHB Ty Tomblin 0-0: Called Strike
0-1: Ball
1-1: SINGLE (Line Drive, 6M, EV 108.1 MPH)
Batting: RHB Sun-jae Kwak 0-0: Called Strike
0-1: Fly out, F4 (Flyball, 4D, EV 85.6 MPH)
Batting: RHB Shihei Kichikawa 0-0: Called Strike
0-1: Called Strike
0-2: Fielders Choice at 2nd, U6 (Groundball, 4MD, EV 86.9 MPH)
Batting: RHB Joseph Papasogli 0-0: Called Strike
0-1: Ball
1-1: Ground out 5-3 (Groundball, 56S, EV 83.8 MPH)
Top of the 7th over - 0 runs, 1 hit, 0 errors, 1 left on base; Las Vegas 10 - Chicago 3
BOTTOM OF THE 7TH
Chicago Silver Sox batting - Pitching for Las Vegas Flamingos : LHP Luis Peña
Batting: LHB Donald Brown 0-0: Fly out, F8 (Flyball, 8RS, EV 76.2 MPH)
Batting: SHB Bren Spillane 0-0: Ball
1-0: Ball
2-0: Called Strike
2-1: Ground out 2-3 (Groundball, 15S, EV 73.1 MPH)
Batting: LHB Jonathan Gunner 0-0: Ball
1-0: SINGLE (Flyball, 9LS, EV 93.8 MPH)
Batting: LHB Ashley Thachi 0-0: Ball
1-0: Called Strike
1-1: Called Strike
1-2: SINGLE (Groundball, 34D, EV 98.1 MPH)
Jonathan Gunner to second
Batting: RHB Manuel Ramos 0-0: Called Strike
0-1: Fly out, F9 (Flyball, 9S, EV 75.0 MPH)
Bottom of the 7th over - 0 runs, 2 hits, 0 errors, 2 left on base; Las Vegas 10 - Chicago 3
TOP OF THE 8TH
Las Vegas Flamingos batting - Pitching for Chicago Silver Sox : RHP Valentin Calhamar
Batting: RHB Sake van Arem 0-0: DOUBLE (Line Drive, 7LD, EV 106.2 MPH)
Pitching: RHP Miguel Aguilar
Batting: RHB Baldomero Avino 0-0: Ball
1-0: Foul Ball, location: 2F
1-1: Swinging Strike
1-2: SINGLE (Line Drive, 8LS, EV 113.1 MPH)
Sake van Arem to third
Runner from 3rd tries for Home, SAFE, throw by CF to home
Batting: RHB Xavier Hernández 0-0: Called Strike
0-1: Ball
1-1: Foul Ball, location: 2F
1-2: Ball
2-2: Foul Ball, location: 2F
2-2: Foul Ball, location: 2F
2-2: Strikes out swinging
Batting: RHB Freedon Akinmoladun 0-0: Called Strike
0-1: Ball
1-1: Foul Ball, location: 2F
1-2: Grounds into double play, 4-6-3 (Groundball, 4M, EV 104.4 MPH)
Top of the 8th over - 1 run, 2 hits, 0 errors, 0 left on base; Las Vegas 11 - Chicago 3
BOTTOM OF THE 8TH
Chicago Silver Sox batting - Pitching for Las Vegas Flamingos : LHP Luis Peña
Batting: RHB Melvin Thomas 0-0: Ground out U3 (Groundball, 34, EV 100.0 MPH)
Batting: LHB Chris Fitzgerald 0-0: Foul Ball, location: 2F
0-1: Called Strike
0-2: Ball
1-2: Ball
2-2: Ball
3-2: Strikes out looking
Batting: RHB Fortunato Rasquinha 0-0: Called Strike
0-1: Swinging Strike
0-2: Ball
1-2: Ball
2-2: Ground out 6-3 (Groundball, 56, EV 99.4 MPH)
Bottom of the 8th over - 0 runs, 0 hits, 0 errors, 0 left on base; Las Vegas 11 - Chicago 3
TOP OF THE 9TH
Las Vegas Flamingos batting - Pitching for Chicago Silver Sox : RHP Miguel Aguilar
Batting: RHB James Pike 0-0: Foul Ball, location: 2F
0-1: Ball
1-1: Ground out 1-3 (Groundball, 13, EV 71.9 MPH)
Batting: LHB Ty Tomblin 0-0: Ball
1-0: Called Strike
1-1: Ball
2-1: Ground out U3 (Groundball, 3L, EV 103.1 MPH)
Batting: RHB Sun-jae Kwak 0-0: DOUBLE (Line Drive, 9LM, EV 103.1 MPH)
Batting: RHB Shihei Kichikawa 0-0: SINGLE (Groundball, 4S, EV 66.2 MPH) (infield hit)
Sun-jae Kwak to third
Batting: RHB Joseph Papasogli 0-0: Foul Ball, location: 2F
0-1: Called Strike
0-2: Ball
1-2: SINGLE (Groundball, 56D, EV 101.2 MPH)
Sun-jae Kwak scores
Shihei Kichikawa to second
Batting: RHB Sake van Arem 0-0: Called Strike
0-1: Ball
1-1: Ground out 4-3 (Groundball, 4, EV 88.1 MPH)
Top of the 9th over - 1 run, 3 hits, 0 errors, 2 left on base; Las Vegas 12 - Chicago 3
BOTTOM OF THE 9TH
Chicago Silver Sox batting - Pitching for Las Vegas Flamingos : LHP Luis Peña
Pitching: LHP José Sipe
Batting: SHB Gerrie Bond 0-0: Ball
1-0: Called Strike
1-1: Foul Ball, location: 2F
1-2: Strikes out looking
Batting: LHB Donald Brown 0-0: Foul Ball, location: 2F
0-1: Ball
1-1: Fly out, F1 (Line Drive, P, EV 65.6 MPH)
Batting: SHB Bren Spillane 0-0: Ball
1-0: Fly out, F8 (Line Drive, 8RM, EV 92.5 MPH)
Bottom of the 9th over - 0 runs, 0 hits, 0 errors, 0 left on base; Las Vegas 12 - Chicago 3
Thursday, January 23rd, 2020 - OOTP Baseball 20.8 Build 74